[Event "Kvika Banki League Iceland 2022-23"]
[Site "Reykjavik"]
[Date "2022.10.15"]
[Round "4.2"]
[White "Pakleza, Zbigniew"]
[Black "Danielsen, Henrik"]
[Result "1/2-1/2"]
[ECO "D10"]
[WhiteElo "2496"]
[BlackElo "2521"]
[Annotator "TA"]
[PlyCount "37"]
[EventDate "2022.10.13"]
[EventType "team-tourn"]
[EventCountry "ISL"]
[SourceTitle "playchess.com"]
[Source "ChessBase"]
[SourceQuality "1"]
[TimeControl "5400+30"]

1. d4 d5 2. c4 c6 3. cxd5 cxd5 4. Nc3 Nf6 5. Bf4 Nc6 6. e3 a6 7. Bd3 Bg4 8. f3 Bh5 9. Nge2 {[%emt 0:00:07] The position is equal.} Bg6 {[%emt 0:00:59] D10: Slav Defence: 3 cxd5 (without early Nf3) and 3 Nc3.} 10. O-O e6 11. Rc1 Bxd3 12. Qxd3 {[%emt 0:00:07] [#] An uneventful encounter.  Weighted Error Value: White=0.05 (flawless) /Black=0.04 (flawless)} {Predecessor:} Be7 $146 13. Na4 Nh5 14. Be5 f6 15. Bf4 O-O 16. Qb3 Ra7 17. Nc5 Bxc5 18. dxc5 Nxf4 19. Nxf4 {½-½ (32) Pedersen,N (2369)-Lindgren,P (2356) Skanderborg 2021} 1/2-1/2

[Event "Kvika Banki League Iceland 2022-23"]
[Site "Reykjavik"]
[Date "2022.10.15"]
[Round "4.3"]
[White "Ahlander, Bjorn"]
[Black "Hjartarson, Johann"]
[Result "1/2-1/2"]
[ECO "E38"]
[WhiteElo "2406"]
[BlackElo "2468"]
[Annotator "TA"]
[PlyCount "98"]
[EventDate "2022.10.13"]
[EventType "team-tourn"]
[EventCountry "ISL"]
[SourceTitle "playchess.com"]
[Source "ChessBase"]
[SourceQuality "1"]
[TimeControl "5400+30"]

1. d4 Nf6 2. c4 e6 3. Nc3 Bb4 4. Qc2 c5 5. dxc5 Qc7 6. Nf3 Bxc5 7. Bg5 Be7 8. e4 d6 9. Be2 a6 10. O-O Nbd7 11. Rfd1 b6 12. Rac1 Bb7 13. Nd4 O-O 14. f3 {[%emt 0:04:10] [#] E38: Nimzo-Indian: Classical: 4...c5.} Rac8 $146 ({Predecessor:} 14... Rfe8 15. Qd2 Rac8 16. Bf1 Qb8 17. Kh1 Bd8 18. Nc2 Be7 19. Nd4 h6 20. Be3 {½-½ (21) Kaposztas,M (2305)-Molnar,P (2293) Hungary 2006}) 15. Be3 Rfe8 16. Bf2 {[%emt 0:02:16] White is slightly better.} Bf8 17. Bf1 Qb8 18. Qb3 g6 19. a3 Ba8 20. Kh1 Ne5 21. Na4 Nfd7 22. Qa2 Rc7 23. b4 Rec8 24. Be3 Bb7 25. Qb3 Be7 26. Rc2 g5 27. Rdc1 Ba8 28. h3 h6 29. Qa2 Bf6 30. Rc3 Ng6 31. Qf2 Be5 32. R3c2 Bf4 33. Ne2 (33. Bxf4 $16 gxf4 34. g3) 33... Bxe3 $11 34. Qxe3 b5 35. Nb2 Nde5 36. Qd4 bxc4 37. Nxc4 Rc6 38. Ne3 Rxc2 39. Rxc2 Rxc2 40. Nxc2 d5 41. Nc3 Nf4 42. exd5 Nxd5 43. Nxd5 ({Better is} 43. Bxa6 $16 Ne7 44. Ne2) 43... Bxd5 $14 44. Ne3 Bb7 (44... Nxf3 $1 $11 45. gxf3 Bxf3+ 46. Kg1 Qg3+ 47. Bg2 Bxg2 48. Nxg2 Qxh3) 45. Ng4 {[%emt 0:01:12] White is more active.} Nxg4 46. hxg4 Qc7 47. Qf6 Bd5 {[%emt 0:04:16] [#] ...Qc1 is the strong threat. The position is equal.} 48. Qxh6 Qc1 49. Kh2 Qxf1 {[%emt 0:01:12] Weighted Error Value: White=0.12 (very precise) /Black=0.09 (flawless)} 1/2-1/2

[Event "Kvika Banki League Iceland 2022-23"]
[Site "Reykjavik"]
[Date "2022.10.15"]
[Round "4.4"]
[White "Thorfinnsson, Bragi"]
[Black "Hansen, Soren Bech"]
[Result "1-0"]
[ECO "B84"]
[WhiteElo "2421"]
[BlackElo "2275"]
[Annotator "TA"]
[PlyCount "125"]
[EventDate "2022.10.13"]
[EventType "team-tourn"]
[EventCountry "ISL"]
[SourceTitle "playchess.com"]
[Source "ChessBase"]
[SourceQuality "1"]
[TimeControl "5400+30"]

1. e4 c5 2. Nc3 a6 3. Nf3 e6 4. d4 cxd4 5. Nxd4 Qc7 6. Be2 Nf6 7. O-O d6 8. f4 b5 9. Bf3 Bb7 10. e5 $1 {[%emt 0:01:12] B84: Sicilian Scheveningen: 6 Be2 a6, lines without early Be3.} dxe5 11. fxe5 Nfd7 12. Bxb7 {[%emt 0:05:37] White is slightly better.} Qxb7 13. Bf4 b4 14. Na4 Nc5 {[%emt 0:00:45] [#]} 15. c3 $146 ({Predecessor:} 15. Nxc5 Bxc5 16. Kh1 O-O 17. Nb3 Be7 18. Qe2 Nd7 19. Rae1 Rac8 20. Rf3 Qb5 21. Rd3 {1-0 (35) Sibarevic,M (2340)-Lakic,N (2380) Banja Luka 1976}) 15... Nc6 (15... Nxa4 $11 {keeps the balance.} 16. Qxa4+ Nd7) 16. Kh1 $16 Nxd4 17. Nxc5 Bxc5 18. cxd4 Be7 19. Qg4 $1 g5 20. Be3 $1 {[%emt 0:01:32] aiming for Qh5.} h5 21. Qe2 Qe4 22. Rae1 Qg6 23. Rc1 {[%emt 0:03:45] Black must now prevent Rc7.} O-O 24. Rc7 Bd8 25. Rc6 {[%emt 0:03:40] White has more active pieces. The black rooks are badly placed.} a5 (25... Qe4 $16 26. Rfc1 a5) 26. Rfc1 ({White should try} 26. d5 $18 {Threatens to win with Bc5.} Qe4 27. Qxh5 Qxd5 28. Rd6 (28. Bc5 Qxc6 29. Bxf8 Qe8 $16)) 26... Qe4 $14 27. Qd2 g4 28. Bh6 $36 {[%emt 0:02:19][%mdl 2048] White is more active.} Re8 29. Rd6 Qg6 30. d5 Be7 $2 (30... Qf5 $11) 31. Rdc6 $18 Kh7 32. Bf4 Qe4 $2 (32... Ra7 $16 33. d6 Bd8) 33. d6 (33. dxe6 Red8 34. Qf2 Qxc6 35. Rxc6 Rd1+ 36. Qg1 Rxg1+ 37. Kxg1 Kg8 38. exf7+ Kxf7 $16) 33... Bd8 34. d7 Rg8 35. Rc8 {[%emt 0:00:08] Against Rb8} Ra7 36. Re1 $2 (36. Be3 Rb7 37. Rf1) 36... Qf5 37. Qd4 Rb7 38. b3 $2 (38. Rd1 $1 $16 {is forced if you want to stay better.}) 38... h4 $2 {[%emt 0:00:02] [#]} (38... Rb5 $1 $17 {keeps the pressure on.}) 39. Rcc1 $2 (39. Rd1 $1 $16 {is necessary to keep the advantage.}) 39... h3 $2 (39... Bb6 $19 40. Qd2 Rd8) 40. Rc6 $2 (40. Rcd1 $1 $11) 40... Bh4 $19 (40... Rxd7 41. Qxd7 Qxf4 42. Qd3+ Rg6 43. gxh3 (43. Qxd8 $2 Qf2 $19) 43... gxh3 44. Qxh3+ Kg7 45. Rc4 $18 (45. Rc8 Qd2 $18)) 41. g3 (41. Bg3 $142 hxg2+ 42. Kg1 Bxg3 43. hxg3) 41... Bd8 $2 ({Black should play} 41... Be7 $19 {...Rd8 is the strong threat.} 42. Kg1 Rd8) 42. Kg1 Rb5 (42... Be7 $5 ) 43. Rd6 {[%emt 0:01:05] Inhibits Rd5.} Qc2 44. Qd3+ (44. Bd2 $5 ) 44... Qxd3 45. Rxd3 Rc5 46. Red1 Kg6 47. Kf1 f6 48. Rd6 Kf5 $2 {[%emt 0:00:22] White stays focused until the end.} (48... Rc2 $1 $11 {and Black is okay.}) 49. exf6 $18 Rf8 {[%emt 0:00:21] [#]} (49... Kxf6 $16 {might work better.} 50. Re1 Kf7) 50. Ra6 $1 ({Resist} 50. Be3 $6 Rc2 $14) 50... Kxf6 (50... e5 $142) 51. Bd6 Rf5+ 52. Ke2 Rf7 53. Bf4 {[%emt 0:00:14] Hoping for Ra8.} Ke7 (53... Rg7 {is a better defense.} 54. Ke3 Rg6) 54. Ra8 {[%emt 0:00:46][%cal Oa8d8] Strongly threatening Rxd8!} Rd5 $2 (54... Rxf4 {is a better chance.} 55. gxf4 Rxf4) 55. Rxd5 {[%emt 0:00:16] White is clearly winning.} Rxf4 {[%emt 0:00:00][%mdl 4096] Endgame KRR-KRB} 56. Rh5 Rf8 57. Rh7+ Kd6 58. Ra6+ Kd5 59. Rg7 Bf6 60. Rxg4 Rd8 61. Rxa5+ Kd6 62. Ra7 Bc3 63. Rc4 {[%emt 0:00:31] Weighted Error Value: White=0.47/Black=0.52} 1-0

[Event "Kvika Banki League Iceland 2022-23"]
[Site "Reykjavik"]
[Date "2022.10.15"]
[Round "4.5"]
[White "Viglundsson, Bjorgvin"]
[Black "Jakubiec, Artur"]
[Result "0-1"]
[ECO "E61"]
[WhiteElo "2205"]
[BlackElo "2435"]
[Annotator "TA"]
[PlyCount "78"]
[EventDate "2022.10.13"]
[EventType "team-tourn"]
[EventCountry "ISL"]
[SourceTitle "playchess.com"]
[Source "ChessBase"]
[SourceQuality "1"]
[TimeControl "5400+30"]

1. d4 d6 2. Nf3 Nf6 3. c4 g6 4. Nc3 Bg7 5. Bg5 h6 6. Bf4 Nh5 {[%emt 0:04:34] E61: King's Indian: Early deviations for White, including Smyslov System.} 7. Be3 {[%emt 0:03:38] [#]} g5 $146 ({Predecessor:} 7... f5 8. g3 Na6 9. Bg2 O-O 10. d5 e5 11. dxe6 Kh7 12. Bd4 Nf6 13. Nd5 Bxe6 14. Nxf6+ Bxf6 {1-0 (40) Moiseenko,A (2630)-Inarkiev,E (2669) Sochi 2007}) 8. g3 f5 {[%emt 0:01:48] White is slightly better.} 9. d5 c5 10. Bd2 O-O 11. e3 {[%emt 0:02:33][%cal Of3g5] aiming for Nxg5!} Nf6 12. h4 g4 13. Ng1 {[%emt 0:00:03] [#]} e5 (13... Nbd7 $1 $17) 14. dxe6 (14. Nge2 $11 {remains equal.}) 14... Nc6 (14... Bxe6 $17 15. Nge2 Bxc4) 15. Nd5 $11 Bxe6 16. Nf4 Bf7 17. Bc3 {[%emt 0:08:54] [#]} (17. Bd3 $15) 17... Ne5 (17... Ne4 18. Bxg7 Kxg7 19. Bd3 $11) ({Better is} 17... d5 $1 $17 {[%cal Rd5d4] Hoping for ...d4.} 18. Nge2 d4 19. exd4 cxd4 20. Nxd4 Qe8+ 21. Nde2 (21. Be2 $2 Rd8 $19) 21... Rd8) 18. Bd3 Qc8 ({Reject} 18... Ne4 $6 19. Bxe4 fxe4 20. Qc2 $15) 19. Qc2 Qc6 $36 {[%emt 0:00:14][%mdl 2048] Black is in control.} 20. Rh2 Ne4 {[%emt 0:03:34] Black has more active pieces.} (20... Nxd3+ $17 21. Qxd3 Qe4) 21. Bxe5 Bxe5 22. Nge2 Rfe8 23. Nd5 b5 {[%emt 0:02:47] Strongly threatening ...bxc4.} 24. Nef4 {[%emt 0:02:36] Black converts the advantage convincingly.} ({Of course not} 24. Bxe4 fxe4 25. O-O-O (25. Rd1 bxc4 26. Qxc4 Bxb2 $17) 25... bxc4 26. Qxc4 Qb7 $17) (24. Rd1 $15) 24... bxc4 $17 25. Bxc4 (25. Bxe4 $17 {was called for.} fxe4 26. Rd1) 25... Rab8 $19 26. Rb1 Bxf4 27. Nxf4 d5 28. Bb3 (28. Bd3) 28... Qb7 29. Kf1 Red8 30. Rg2 (30. Ne2 $142 d4 31. Bxf7+ Qxf7 32. exd4) 30... Qb4 31. Kg1 c4 {[%emt 0:01:55] Inhibits Nd3.} 32. Ba4 d4 33. exd4 Rxd4 34. Bc6 $2 (34. a3 Qb6 35. Rd1) 34... Rd2 35. Bxe4 Rxc2 36. Bxc2 Qd2 37. f3 Qe3+ 38. Rf2 gxf3 {[%emt 0:01:23][%cal Ob8b2] White must now prevent ...Rxb2!} 39. Bd1 Qe1+ {[%emt 0:00:28] Weighted Error Value: White=0.87/Black=0.18 (very precise)} 0-1

[Event "Kvika Banki League Iceland 2022-23"]
[Site "Reykjavik"]
[Date "2022.10.15"]
[Round "4.6"]
[White "Gunnarsson, Jon Viktor"]
[Black "Bergthorsson, Jon Thor"]
[Result "1-0"]
[ECO "D00"]
[WhiteElo "2447"]
[BlackElo "2145"]
[Annotator "TA"]
[PlyCount "59"]
[EventDate "2022.10.13"]
[EventType "team-tourn"]
[EventCountry "ISL"]
[SourceTitle "playchess.com"]
[Source "ChessBase"]
[SourceQuality "1"]
[TimeControl "5400+30"]

1. d4 d5 2. Nc3 Nf6 3. Bf4 c6 4. Qd2 Bf5 5. f3 e6 6. g4 {[%emt 0:01:05] D00: 1 d4 d5: Unusual lines.} Bg6 7. h4 {[%emt 0:00:15] Hoping for h5.} h5 8. g5 {[%emt 0:00:22] White is slightly better.} Nfd7 9. e4 Bb4 10. Bd3 $2 {[%emt 0:08:58] [#]} (10. a3 $11 Bxc3 11. Qxc3) 10... e5 $1 $17 {[%emt 0:02:34] [#]} 11. dxe5 $146 (11. Be3 $17 c5 12. a3 cxd4 13. axb4 dxe3 14. Qh2 (14. Qxe3 $2 d4 $19)) ({Predecessor:} 11. Be3 c5 12. a3 cxd4 13. axb4 dxe3 14. Qh2 d4 15. Nd5 Nc6 16. Bb5 Rc8 17. Ne2 {1-0 (39) Bozzano,E (1933)-Martinez,F (1516) Timbo 2021}) 11... d4 $19 12. Nge2 dxc3 13. bxc3 Ba5 14. Bg3 (14. Bc4 $142) 14... Nc5 15. a4 Nba6 16. O-O Nxd3 ({Black should play} 16... Bb6 $19 17. Kg2 Ne6) 17. cxd3 $15 Nc5 18. Rad1 $1 Qe7 19. Qc2 O-O (19... f6 $15 20. d4 Ne6 21. gxf6 gxf6) 20. d4 $16 Ne6 {[%emt 0:04:01] [#]} (20... Nd7 $14) 21. f4 $1 f5 $2 (21... Rae8 $16) 22. gxf6 $1 $18 gxf6 23. f5 Bh7 $2 (23... fxe5 24. fxg6 Rf6) 24. Qb3 {[%emt 0:03:22][%mdl 64] Pin. White is clearly winning.} (24. fxe6 Qxe6 25. Kh2 Bc7 $18) 24... Bc7 25. Nf4 {[%emt 0:00:56][%mdl 64] Pin} ({Weaker is} 25. Qxe6+ Qxe6 26. fxe6 fxe5 $16) ({Less strong is} 25. fxe6 fxe5 26. Qxb7 Bxe4 $16) 25... Kh8 {[%emt 0:01:10] Threatens to win with ...Nxf4.} 26. Nxe6 Rg8 27. Kh2 Rxg3 28. Kxg3 Rg8+ 29. Kh3 Rg4 30. Qb4 {[%emt 0:04:59] Quite a comeback for White.  Weighted Error Value: White=0.21 (precise) /Black=0.52} 1-0

[Event "Kvika Banki League Iceland 2022-23"]
[Site "Reykjavik"]
[Date "2022.10.15"]
[Round "4.7"]
[White "Halldorsson, Bragi"]
[Black "Kjartansson, David"]
[Result "0-1"]
[ECO "D20"]
[WhiteElo "2066"]
[BlackElo "2316"]
[Annotator "TA"]
[PlyCount "94"]
[EventDate "2022.10.13"]
[EventType "team-tourn"]
[EventCountry "ISL"]
[SourceTitle "playchess.com"]
[Source "ChessBase"]
[SourceQuality "1"]
[TimeControl "5400+30"]

1. d4 d5 2. c4 dxc4 3. e4 Nf6 4. Nc3 a6 5. e5 Nd5 6. Bxc4 {[%emt 0:00:10] D20: Queen's Gambit Accepted: 3 e3 and 3 e4.} Nb6 7. Bb3 Nc6 {[%emt 0:00:38] [#]} 8. Be3 $146 {[%emt 0:00:23] White is slightly better.} ({Predecessor:} 8. Nf3 Bf5 9. Be3 Nb4 10. O-O e6 11. a3 N4d5 12. Nxd5 Nxd5 13. Bg5 Be7 14. Bxd5 Qxd5 15. Bxe7 Kxe7 {1-0 (62) Asensio Soto,F-Garcia,R (2375) Mesa 1993}) 8... Bf5 9. Qf3 ({Don't play} 9. Qh5 e6 $11) 9... e6 10. Nge2 Qd7 11. O-O O-O-O 12. Rac1 Kb8 13. Rfd1 h5 {[%emt 0:08:28] Inhibits g4.} 14. h3 $1 Nb4 (14... Bb4 $14) 15. d5 $18 N6xd5 16. a3 $2 (16. Bg5 $18 f6 17. exf6) 16... Nd3 $17 17. Rxd3 Bxd3 $19 18. Nf4 (18. Nxd5 $142 exd5 19. Bf4 Bxe2 20. Qxe2) 18... Nxf4 19. Bxf4 Be7 20. Rd1 Qc6 $2 21. Rxd3 $16 Rxd3 22. Qxd3 Rd8 23. Qc2 g5 (23... Qc5 $142) 24. Be3 g4 25. hxg4 hxg4 26. Ne4 Qb5 27. Bf4 Rd4 28. Nc3 Qc6 29. Ne2 (29. Qc1 {is interesting.} Qb6 30. Bd1 Rxf4 31. Qxf4 Qxb2 32. Qxf7 Qxc3 33. Qxe7 Qe1+ 34. Kh2) 29... Qxc2 30. Bxc2 Rd8 31. Kh2 (31. Nc3 $16) 31... Rh8+ $14 32. Kg1 (32. Kg3 $14) 32... Bc5 {[%emt 0:00:21] [#]} (32... Rd8 $1 $11 {remains equal.}) 33. Bd1 ({White should play} 33. Ng3 $1 $16) 33... b5 34. Ng3 Bd4 35. b3 (35. Bxg4 $2 Rh4 36. Bxe6 fxe6 $19) 35... c5 36. Kf1 (36. Bxg4 $2 Rh4 37. Ne4 Rxg4 $19) 36... Kc7 37. Bxg4 Rh4 38. f3 Bb2 39. a4 $2 {[%emt 0:00:22][%mdl 8192] [#]} (39. Bg5 $14 {keeps the upper hand.} Rh7 40. f4) 39... c4 $1 $19 40. axb5 $2 (40. Bg5 cxb3 41. Bxh4) 40... cxb3 {[%emt 0:00:38] Strongly threatening ...Ba3.} 41. Ke2 ({But not} 41. bxa6 $2 Ba3 42. Ne4 b2) 41... a5 42. Kd3 a4 43. Kc4 (43. Ne4 $142 Rh1 44. b6+ Kxb6 45. Kc4) 43... Ba3 {[%emt 0:01:05] White must now prevent ...b2.} 44. Kc3 Kb6 $2 (44... Kb8 45. Be3 Rh8) 45. Ne2 $2 (45. Ne4 Kxb5 46. Nd6+ Ka6 47. Nc4) 45... Rh8 {[%emt 0:03:38] aiming for ...Rc8+. Black is clearly winning.} 46. Be3+ Ka5 {[%emt 0:01:32] And now ...Rc8+ would win.} 47. Kd3 Rd8+ {[%emt 0:01:17] What a bad dream for White.  Weighted Error Value: White=0.77/Black=0.35} 0-1

[Event "Kvika Banki League Iceland 2022-23"]
[Site "Reykjavik"]
[Date "2022.10.15"]
[Round "4.8"]
[White "Eggleston, David J"]
[Black "Baldursson, Hrannar"]
[Result "1-0"]
[ECO "B08"]
[WhiteElo "2354"]
[BlackElo "2070"]
[Annotator "TA"]
[PlyCount "41"]
[EventDate "2022.10.13"]
[EventType "team-tourn"]
[EventCountry "ISL"]
[SourceTitle "playchess.com"]
[Source "ChessBase"]
[SourceQuality "1"]
[TimeControl "5400+30"]

1. e4 d6 2. d4 Nf6 3. Nc3 c6 4. h3 g6 5. Nf3 Bg7 6. Be3 O-O 7. Qd2 b5 8. Bd3 Re8 ({Better is} 8... Qc7 $11) 9. O-O {[%emt 0:01:25] B08: Pirc Defence: Classical System.} e5 10. dxe5 dxe5 11. a4 {[%emt 0:00:15] White is slightly better.} b4 12. Ne2 Qe7 {[%emt 0:03:03] [#]} 13. Ng3 $146 ({Predecessor:} 13. Rfd1 a5 14. Ng3 Rd8 15. Qe2 Nbd7 16. Bc4 h6 17. Rd3 Re8 18. Rad1 Nc5 19. Bxc5 Qxc5 {½-½ (37) Moroder,S (2129)-Molina,F (2269) Ortisei 2012}) 13... Nbd7 14. a5 Nf8 15. Bh6 (15. c3 $14) 15... Bh8 (15... c5 $11) 16. Qe3 Bd7 17. Rfe1 c5 18. Bc4 {[%emt 0:01:42][%cal Og3f5] Strongly threatening Nf5!} Be6 {[%emt 0:09:04] Prevents Nf5.} 19. Nxe5 {[%emt 0:02:40] White is much more active. The black rooks are badly placed.} (19. Bb5 $16) 19... Nxe4 $2 {[%emt 0:09:58][%mdl 8192] [#]} 20. Qxe4 $18 ({Less strong is} 20. Nxe4 Bxe5 21. Bb5 Rec8 $16) 20... f5 21. Qf4 {[%emt 0:01:16] Weighted Error Value: White=0.26 (precise) /Black=0.71} 1-0

[Event "Kvika Banki League Iceland 2022-23"]
[Site "Reykjavik"]
[Date "2022.10.15"]
[Round "4.9"]
[White "Cheparinov, Ivan"]
[Black "Heimisson, Hilmir Freyr"]
[Result "1-0"]
[ECO "B67"]
[WhiteElo "2689"]
[BlackElo "2293"]
[Annotator "TA"]
[PlyCount "91"]
[EventDate "2022.10.13"]
[EventType "team-tourn"]
[EventCountry "ISL"]
[SourceTitle "playchess.com"]
[Source "ChessBase"]
[SourceQuality "1"]
[TimeControl "5400+30"]

1. e4 c5 2. Nf3 d6 3. d4 cxd4 4. Nxd4 Nf6 5. Nc3 Nc6 6. Bg5 e6 7. Qd2 a6 8. O-O-O Bd7 9. Kb1 Be7 10. Nxc6 Bxc6 11. f3 O-O 12. h4 b5 13. Ne2 Rc8 14. Nd4 {[%emt 0:00:11] B67: Sicilian: Richter-Rauzer: 7...a6 8 0-0-0 Bd7, lines without 9 f4 Be7.} Bb7 15. g4 Nd7 16. Bxe7 {[%emt 0:10:51] White is slightly better.} Qxe7 17. Qe3 Nc5 {[%emt 0:13:03] [#]} 18. g5 $146 ({Predecessor:} 18. h5 h6 {0-1 (18) Marez,S (2574)-Tasic,V (2491) LSS email 2008}) 18... Rc7 19. h5 g6 20. Bh3 {[%emt 0:14:05] hxg6 is the strong threat.} e5 21. Ne2 b4 ({Black should play} 21... Rd8 $14) 22. Rh2 ({White should try} 22. Qd2 $16) 22... Rd8 23. Nc1 a5 24. Nb3 a4 25. Nxc5 Rxc5 (25... dxc5 $16 26. Rxd8+ Qxd8) 26. hxg6 $18 fxg6 {[%emt 0:01:14] [#]} 27. Rhd2 (27. Rdh1 $142 $1) 27... Rc6 $16 28. a3 (28. Qd3 $16) 28... bxa3 $1 $14 29. Qxa3 Rb6 {[%emt 0:00:42] Against Qb4} (29... Kh8 $14) 30. Qc5 (30. Qxa4 $6 Kh8 $14) 30... Rc6 31. Qb4 a3 32. Qxa3 Ra6 {[%emt 0:00:43] [#]} (32... Kg7 $16 {might work better.}) 33. Qb3+ ({Better is} 33. Qb4 $1 $18) 33... Kg7 $16 34. Bf1 Ra7 35. c3 $36 {[%emt 0:02:10][%mdl 2048] Black must now prevent Qb6. Keeping Black busy.} Qxg5 (35... Rf8 $16 {is a better defense.}) 36. Qb6 $18 ({Resist} 36. Rxd6 $6 Rxd6 37. Rxd6 Qg1 $16) 36... Qe7 37. Rxd6 Rxd6 38. Rxd6 ({Don't take} 38. Qxd6 $6 Qxd6 39. Rxd6 Bc8 $14) 38... Qf7 $2 (38... Bc8 {is a better chance.} 39. Kc2 Rb7) 39. Bc4 {[%emt 0:00:57] Active counter play!} Qxc4 40. Qxa7 {[%emt 0:00:42][%mdl 4096] Endgame KQR-KQB} Qf1+ 41. Ka2 {[%emt 0:00:04] Threatening mate with Rb6.} Qc4+ 42. b3 Qxc3 43. Qxb7+ Kh6 44. Rd7 {[%emt 0:01:18] Qc7 would kill now.} Qc2+ 45. Ka3 Qc5+ 46. Ka4 {[%emt 0:00:15] Weighted Error Value: White=0.31/Black=0.76} 1-0

[Event "Kvika Banki League Iceland 2022-23"]
[Site "Reykjavik"]
[Date "2022.10.15"]
[Round "4.10"]
[White "Jensson, Einar Hjalti"]
[Black "Jones, Gawain C B"]
[Result "1/2-1/2"]
[ECO "D00"]
[WhiteElo "2331"]
[BlackElo "2626"]
[Annotator "TA"]
[PlyCount "68"]
[EventDate "2022.10.13"]
[EventType "team-tourn"]
[EventCountry "ISL"]
[SourceTitle "playchess.com"]
[Source "ChessBase"]
[SourceQuality "1"]
[TimeControl "5400+30"]

1. d4 Nf6 2. Bg5 g6 3. Bxf6 exf6 4. e3 d5 5. c4 dxc4 6. Bxc4 Bd6 {[%emt 0:00:41] D00: 1 d4 d5: Unusual lines.} 7. Nc3 O-O 8. Nf3 Nd7 9. a3 f5 10. O-O c6 11. b4 Qe7 12. Qb3 Nb6 {[%emt 0:01:59] [#]} 13. d5 $146 ({Predecessor:} 13. Bd3 Be6 14. Qc2 a5 15. bxa5 Rxa5 16. Rfb1 Nd5 17. a4 Rfa8 18. Qb2 Nxc3 19. Qxc3 Rxa4 20. Rxa4 Rxa4 {0-1 (41) Anton Guijarro,D (2631)-Cheparinov,I (2682) Dubai 2014}) 13... a5 14. Rab1 axb4 15. axb4 Bd7 16. Rfd1 Rfd8 17. dxc6 Bxc6 18. Nd4 Nxc4 19. Qxc4 ({Not} 19. Nxc6 $2 Bxh2+ 20. Kxh2 Qh4+ 21. Kg1 bxc6 22. Rxd8+ Rxd8 $19) 19... Rac8 20. Qb3 $1 Qe5 21. g3 Be4 {[%emt 0:00:29] This bishop pair is nice.} 22. Rbc1 h5 23. Nxe4 Rxc1 24. Rxc1 Qxe4 25. Rc4 Ra8 26. Qc3 {[%emt 0:02:33] Against Ra1+} Qb1+ 27. Kg2 $1 Bf8 {[%emt 0:03:34] [#] Threatens to win with ...Ra1.} 28. Qc2 Ra1 {[%emt 0:00:28] ( -> ...Qh1+)} 29. Qxb1 Rxb1 $11 {[%emt 0:00:02] KRB-KRN} 30. b5 b6 31. Rc8 {[%emt 0:00:17] The position is equal.} Kg7 32. Rc7 Kg8 33. Rc8 Kg7 34. Rc7 Kg8 {[%emt 0:01:40] Weighted Error Value: White=0.06 (flawless) /Black=0.06 (flawless)} 1/2-1/2

[Event "Kvika Banki League Iceland 2022-23"]
[Site "Reykjavik"]
[Date "2022.10.15"]
[Round "4.11"]
[White "Gretarsson, Hjorvar Steinn"]
[Black "Gislason, Gudmundur"]
[Result "1-0"]
[ECO "E90"]
[WhiteElo "2533"]
[BlackElo "2293"]
[Annotator "TA"]
[PlyCount "51"]
[EventDate "2022.10.13"]
[EventType "team-tourn"]
[EventCountry "ISL"]
[SourceTitle "playchess.com"]
[Source "ChessBase"]
[SourceQuality "1"]
[TimeControl "5400+30"]

1. c4 Nf6 2. Nc3 g6 3. e4 d6 4. d4 Bg7 5. h3 O-O 6. Be3 c5 7. Nf3 Qa5 {[%emt 0:00:39] [#] White must now prevent ...Nxe4. E90: King's Indian: Classical: Early deviations and 6 h3.} 8. Bd3 $1 {[%emt 0:01:07] The main line 8.Bd3 scores better than 8.Qd2.} Nc6 9. d5 Ne5 {[%emt 0:00:30] White is slightly better.} 10. Nxe5 dxe5 {[%emt 0:00:03] [#]} 11. g4 $146 ({Predecessor:} 11. O-O a6 12. Qa4 Qxa4 13. Nxa4 Nd7 14. Nxc5 Rb8 15. b4 Rd8 {0-1 (15) Sondermann,D-Herbert,M DESC email 2004}) 11... a6 12. a3 b5 (12... e6 $16 {was worth a try.}) 13. cxb5 $18 c4 {[%emt 0:00:50] [#]} (13... axb5 {keeps fighting.} 14. Bxc5 Qc7) 14. b6 $1 ({Stronger than} 14. Bxc4 Nxe4 15. Qc1 axb5 $14) 14... cxd3 $2 (14... Bh6 {is a better defense.}) 15. b4 {[%emt 0:02:22] White is clearly winning.} Nxe4 16. bxa5 Nxc3 17. Qxd3 e4 18. Qd2 Bb7 19. Bd4 Nxd5 20. Bxg7 Kxg7 21. Rc1 e5 22. O-O h5 23. g5 Rfe8 24. Rfd1 Re7 25. Rc5 Nf4 26. Rc7 {[%emt 0:01:12] White took control after the opening.  Weighted Error Value: White=0.01 (flawless) /Black=0.55} 1-0